Map: Rhoskallian LE

Players

ExoduS

  • Race: Zerg Zerg
  • Spawn Location: 11:00

Jin

  • Race: Protoss Protoss
  • Spawn Location: 12:00

Massa

  • Race: Terran Terran
  • League: Platinum
  • Spawn Location: 6:00

qqq

  • Race: Zerg Zerg
  • League: Platinum
  • Spawn Location: 5:00

VOD

Have the link to the VOD?

Description

Time

  • Played on: Nov. 27, 2020, 5:15 p.m.
  • Length: 17:37
Show
View Real Time Build Order
Export as new Build Order

ExoduS Zerg 

Build Orders: Hatch First 

Get SALT Encoding   

  12  0:01  Drone  
  13  0:12  Overlord  
  13  0:20  Drone  
  14  0:34  Drone x2  
  16  0:56  Drone  
  17  0:59  Hatchery  
  17  1:01  Drone  
  17  1:07  Extractor  
  16  1:21  Spawning Pool  
  15  1:28  Drone x2  
  17  1:39  Drone  
  18  2:10  Hatchery, Zergling x4  
  19  2:24  Queen  
  19  2:26  Metabolic Boost  
  21  2:35  Zergling x4  
  22  2:55  Drone x5  
  27  3:14  Overlord  
  27  3:16  Extractor  
  27  3:18  Lair  
  26  3:23  Drone  
  27  3:43  Zergling x2  
  27  3:44  Zergling x4  
  27  3:45  Drone x3  
  33  3:55  Drone x3  
  36  3:57  Queen  
  38  4:09  Queen  
  40  4:13  Extractor  
  40  4:15  Overseer  
  39  4:18  Drone x2  
  41  4:39  Spire  
  41  4:41  Drone  
  41  4:42  Drone  
  41  4:43  Overlord x2  
  42  5:08  Drone x4  
  42  5:09  Drone x5  
  51  5:20  Overseer  
  51  5:42  Extractor  
  50  5:43  Drone x6  
  50  5:49  Drone x2  
  58  5:51  Overlord x3  
  58  5:54  Extractor x2  
  56  6:01  Infestation Pit  
  55  6:08  Overseer  
  55  6:18  Mutalisk x5  
  65  6:27  Drone  
  65  6:28  Drone x5, Mutalisk  
  73  6:45  Zerg Flyer Armor Level 1  
  73  6:46  Mutalisk  
  75  6:58  Mutalisk x2  
  79  7:09  Overlord x3  
  79  7:32  Mutalisk x5  
  89  7:44  Baneling Nest  
  88  7:58  Mutalisk x3  
  82  8:29  Hive  
  82  8:30  Overseer x2  
  82  8:31  Overseer  
  80  9:06  Pneumatized Carapace  
  80  9:07  Drone  
  80  9:08  Drone x4  
  85  9:46  Mutalisk x9  
  99  10:02  Zerg Flyer Weapons Level 1  
  99  10:03  Centrifical Hooks  
  99  10:04  Spire  
  99  10:05  Zergling x2  
  99  10:06  Zergling x2  
  100  10:25  Drone x4  
  104  10:31  Zergling x2  
  104  10:33  Overlord  
  104  10:34  Overlord  
  104  10:35  Hatchery  
  100  11:01  Overseer  
  86  11:10  Mutalisk x4  
  86  11:11  Mutalisk x2  
  86  11:31  Ultralisk Cavern  
  86  11:32  Greater Spire, Evolution Chamber x2  
  83  11:33  Zergling x6  
  85  11:45  Viper x3  
  89  11:50  Zergling x4  
  89  11:51  Zergling x8  
  95  11:56  Mutalisk x3  
  100  12:06  Drone x4  
  104  12:12  Zergling x2  
  105  12:16  Zerg Melee Weapons Level 1  
  105  12:17  Zerg Ground Armor Level 1  
  105  12:18  Adrenal Glands  
  98  13:01  Chitinous Plating  
  98  13:03  Ultralisk x2  
  110  13:09  Drone  
  110  13:10  Overlord x2  
  110  13:11  Overlord x3  
  111  13:14  Extractor  
  111  13:17  Extractor  
  109  13:24  Overlord  
  109  13:25  Overlord x7  
  107  13:35  Mutalisk x4  
  107  13:39  Zergling x10  
  120  13:42  Baneling x2  
  120  13:43  Baneling x4  
  120  14:05  Zergling x2, Ultralisk x2  
  120  14:06  Zergling x10  
  130  14:20  Anabolic Synthesis  
  130  14:22  Ultralisk  
  130  14:24  Zergling x14  
  127  14:34  Zergling x8  
  128  14:39  Zerg Melee Weapons Level 2  
  128  14:40  Zerg Ground Armor Level 2  
  128  14:47  Overseer  
  108  15:12  Ultralisk x2  
  116  15:26  Spore Crawler  
  114  15:30  Spore Crawler  
  113  15:39  Drone  
  113  15:40  Drone x3  
  117  15:44  Ultralisk x2  
  117  15:48  Drone x3  
  133  15:50  Drone x3  
  133  16:20  Overseer  
  119  16:41  Ultralisk x3  
  123  16:51  Corruptor x2  
  119  16:54  Zergling x2  
  119  16:55  Zergling x16  
  128  17:10  Overseer  
  122  17:18  Zergling x6  
Show
View Real Time Build Order
Export as new Build Order

Jin Protoss 

Build Orders:  

Get SALT Encoding   

  12  0:00  Probe (Chrono Boost)  
  13  0:11  Probe (Chrono Boost)  
  14  0:15  Probe (Chrono Boost)  
  15  0:24  Pylon  
  15  0:30  Assimilator  
  15  0:42  Probe  
  16  0:45  Gateway  
  16  0:53  Assimilator  
  16  0:54  Probe  
  17  1:06  Probe (Chrono Boost)  
  17  1:08  Pylon  
  18  1:18  Probe (Chrono Boost)  
  19  1:22  Probe (Chrono Boost)  
  20  1:33  Probe  
  20  1:35  Cybernetics Core  
  21  1:45  Probe, Pylon  
  22  1:57  Probe  
  23  2:16  Stargate  
  23  2:21  Stargate  
  23  2:39  Nexus  
  23  2:59  Void Ray  
  23  3:00  Void Ray  
  27  3:08  Probe  
  32  3:22  Forge  
  32  3:24  Probe  
  33  3:40  Probe  
  34  3:43  Void Ray (Chrono Boost)  
  34  3:44  Void Ray (Chrono Boost)  
  42  3:55  Probe  
  42  3:57  Probe  
  44  4:05  Pylon  
  44  4:21  Probe x2  
  46  4:32  Photon Cannon  
  46  4:37  Void Ray  
  46  4:42  Photon Cannon  
  50  4:52  Probe x2  
  52  4:54  Assimilator  
  52  4:59  Assimilator  
  52  5:04  Probe x2  
  54  5:27  Void Ray  
  54  5:28  Void Ray  
  62  5:55  Pylon  
  62  5:57  Pylon  
  62  6:00  Pylon  
  62  6:02  Pylon  
  62  6:03  Pylon  
  62  6:13  Probe x2  
  58  6:25  Probe x2  
  58  6:26  Void Ray  
  58  6:27  Void Ray  
  58  6:37  Probe  
  63  6:48  Fleet Beacon  
  63  6:53  Stargate  
  63  7:11  Void Ray  
  63  7:12  Void Ray  
  63  7:15  Nexus  
  63  7:18  Pylon  
  63  7:20  Pylon  
  71  7:24  Pylon  
  71  7:27  Assimilator  
  71  7:32  Assimilator  
  71  7:39  Protoss Air Weapons Level 1  
  71  7:52  Void Ray x3  
  71  8:35  Void Ray x3  
  83  8:51  Flux Vanes  
  67  9:09  Probe x3  
  70  9:12  Void Ray  
  70  9:20  Void Ray x2  
  70  9:21  Probe x2  
  70  9:22  Probe  
  85  9:38  Photon Cannon  
  85  9:51  Stargate  
  85  9:57  Protoss Shields Level 1 (Chrono Boost)  
  85  10:02  Protoss Air Armor Level 1 (Chrono Boost)  
  85  10:04  Void Ray  
  85  10:12  Void Ray  
  93  10:25  Void Ray  
  93  10:29  Void Ray  
  101  10:49  Pylon  
  101  10:50  Pylon  
  101  10:53  Pylon  
  101  10:54  Pylon  
  81  11:35  Void Ray x4  
  97  12:05  Protoss Air Weapons Level 2 (Chrono Boost)  
  97  12:06  Twilight Council  
  97  12:12  Void Ray x3  
  97  12:13  Pylon, Void Ray  
  105  13:08  Void Ray x4 (Chrono Boost)  
  73  13:42  Void Ray x3 (Chrono Boost)  
  73  13:43  Void Ray (Chrono Boost)  
  77  14:00  Protoss Shields Level 2 (Chrono Boost)  
  67  14:12  Void Ray x4  
  78  14:49  Void Ray  
  78  15:08  Nexus  
  78  15:11  Void Ray x3  
  78  15:13  Pylon  
  78  15:17  Pylon  
  78  15:21  Assimilator  
  82  15:57  Void Ray  
  82  16:02  Void Ray  
  90  16:47  Void Ray x2  
Show
View Real Time Build Order
Export as new Build Order

Massa Terran 

Build Orders:  

Get SALT Encoding   

  12  0:00  SCV  
  13  0:12  SCV  
  14  0:28  SCV, Supply Depot  
  15  0:31  Refinery  
  15  0:50  SCV  
  15  0:51  Barracks  
  16  1:02  SCV  
  17  1:14  SCV  
  18  1:27  SCV  
  19  1:39  SCV  
  20  1:51  SCV  
  20  1:53  Reaper  
  22  1:54  Command Center  
  22  1:55  Supply Depot  
  22  2:07  Factory  
  22  2:15  Orbital Command  
  22  2:33  Barracks Reactor  
  22  2:41  SCV  
  23  2:58  Engineering Bay  
  23  3:14  Orbital Command  
  27  3:20  Hellion x2, Bunker, Marine  
  27  3:22  SCV  
  29  3:32  Starport  
  29  3:34  SCV  
  29  3:39  Command Center  
  30  3:42  SCV  
  31  3:54  SCV  
  31  3:55  SCV  
  33  3:59  Missile Turret  
  33  4:03  Missile Turret  
  33  4:06  SCV  
  33  4:07  SCV  
  35  4:11  Widow Mine x2  
  35  4:14  Barracks Tech Lab  
  39  4:22  SCV x2  
  41  4:34  SCV x2  
  41  4:37  Widow Mine  
  45  4:47  Supply Depot  
  45  4:49  Supply Depot  
  45  4:51  Widow Mine, Missile Turret  
  47  4:55  SCV  
  47  4:56  SCV  
  49  5:02  Refinery  
  49  5:03  Widow Mine  
  47  5:08  SCV x2  
  47  5:12  Widow Mine  
  49  5:20  SCV  
  47  5:24  Widow Mine  
  47  5:43  SCV x2  
  47  5:46  Orbital Command  
  47  5:49  Missile Turret  
  49  5:51  Missile Turret  
  49  5:55  SCV  
  49  5:56  SCV, Missile Turret  
  51  5:58  Missile Turret  
  51  6:02  Medivac  
  53  6:07  SCV  
  53  6:08  SCV  
  53  6:10  Factory  
  51  6:20  SCV x2  
  51  6:22  Widow Mine x2  
  55  6:27  Marine  
  55  6:32  Medivac  
  58  6:39  Missile Turret  
  58  6:43  Missile Turret  
  58  6:45  Marine  
  59  6:48  Refinery  
  59  6:50  SCV x2, Missile Turret  
  59  6:51  SCV  
  62  6:56  Factory Tech Lab  
  62  6:58  Widow Mine x2  
  66  7:02  SCV  
  66  7:03  SCV x2, Marine  
  70  7:14  SCV  
  71  7:19  Widow Mine x2  
  74  7:29  SCV x3  
  77  7:45  Supply Depot  
  77  7:47  Supply Depot  
  77  7:50  Marine  
  77  7:51  SCV  
  77  8:05  Armory  
  77  8:07  SCV  
  77  8:08  Marine  
  77  8:26  Marine  
  60  8:43  Widow Mine  
  60  8:44  Widow Mine x2, Marine  
  60  8:46  SCV x3  
  70  8:48  Refinery  
  70  8:52  Barracks  
  70  8:53  Barracks  
  70  8:55  Barracks  
  67  8:58  SCV x3, Drilling Claws  
  67  9:02  Marine  
  71  9:03  Barracks  
  71  9:04  Barracks  
  71  9:05  Widow Mine x3  
  77  9:12  Command Center  
  76  9:17  Command Center  
  76  9:19  Marine  
  73  9:24  Stimpack  
  73  9:26  Widow Mine  
  74  9:37  Marine  
  75  9:41  Barracks Reactor x2  
  75  9:42  Barracks Reactor  
  75  9:52  Barracks Reactor  
  75  9:55  Barracks, Marine  
  82  10:00  Widow Mine x3  
  82  10:13  Marine  
  81  10:21  Widow Mine x3  
  85  10:31  Marine  
  86  10:39  Marine  
  86  10:40  Marine x7  
  86  10:42  Widow Mine x2  
  100  10:43  Widow Mine  
  100  10:45  Barracks Tech Lab  
  100  10:48  Marine  
  80  10:57  Marine  
  80  10:58  Marine x7  
  80  10:59  Starport Reactor  
  80  11:04  Widow Mine x3, Combat Shield  
  93  11:06  Marine  
  92  11:22  Marine x2  
  92  11:23  Marine x2  
  92  11:25  Marine  
  81  11:37  Medivac x2  
  85  11:40  Widow Mine  
  85  11:41  Widow Mine x2, Marine  
  92  11:56  Supply Depot  
  92  11:58  Supply Depot  
  92  11:59  Supply Depot  
  92  12:00  Supply Depot  
  92  12:17  Command Center  
  92  12:18  Widow Mine, SCV, Marine x5  
  92  12:20  Widow Mine x2, SCV, Marine, Medivac  
  92  12:21  Marine x4  
  112  12:30  SCV  
  112  12:32  SCV  
  112  12:35  Marine x5  
  119  12:37  Marine  
  119  12:38  Marine x4  
  124  12:45  Refinery  
  124  12:49  SCV x2  
  124  12:52  Supply Depot  
  124  12:53  Supply Depot x2  
  124  12:59  Orbital Command  
  124  13:14  SCV, Marine x4  
  124  13:15  Widow Mine x2  
  124  13:17  Supply Depot  
  124  13:18  Marine  
  124  13:19  Marine  
  133  13:21  Supply Depot  
  133  13:22  Supply Depot  
  133  13:25  Marine x2  
  131  13:29  Widow Mine, SCV x2, Marine x2  
  133  13:38  Marine x2  
  133  13:39  Widow Mine x2  
  140  13:41  SCV x2  
  140  13:43  Marine  
  140  13:46  Marine  
  140  13:47  Marine x6  
  148  13:51  Widow Mine  
  148  13:53  SCV x2  
  152  13:56  Marine x2  
  152  14:00  Widow Mine  
  156  14:04  Marine  
  157  14:14  Orbital Command  
  157  14:17  Supply Depot  
  157  14:19  Widow Mine x2  
  157  14:20  SCV, Marine  
  157  14:22  Widow Mine  
  157  14:39  SCV x2, Marine x2, Medivac x2  
  157  14:41  Supply Depot  
  165  14:52  SCV  
  165  14:53  Marauder  
  165  14:54  Marauder  
  153  15:04  SCV, Marine x8  
  153  15:05  Supply Depot  
  148  15:07  Widow Mine  
  148  15:08  Widow Mine  
  148  15:09  Medivac  
  148  15:11  Widow Mine  
  148  15:15  Marauder, Marine  
  141  15:21  Marine  
  141  15:22  Marine x7  
  146  15:29  Widow Mine x2, Supply Depot  
  146  15:33  Widow Mine, Marine  
  151  15:36  Marine  
  151  15:39  Marine x2  
  151  15:40  Marine x4  
  150  15:50  Widow Mine  
  150  15:51  Widow Mine, Marauder  
  150  15:54  Widow Mine, Marauder  
  160  16:10  Missile Turret  
  160  16:11  Widow Mine, Missile Turret  
  160  16:12  Missile Turret  
  160  16:13  Marauder  
  160  16:14  Missile Turret  
  160  16:15  Marauder  
  160  16:16  Widow Mine  
  168  16:19  Command Center  
  168  16:21  Marine x5  
  168  16:23  Widow Mine  
  175  16:33  Widow Mine  
  175  16:34  Marauder  
  175  16:37  Widow Mine, Marauder  
  147  16:44  Widow Mine  
  125  16:53  Marine x4  
  125  16:54  Widow Mine, Marine x4  
  132  16:55  Marine  
  132  16:58  Widow Mine, Marine  
  137  17:05  Widow Mine  
  106  17:10  Marine  
  106  17:11  Marine x4  
  102  17:15  Widow Mine  
Show
View Real Time Build Order
Export as new Build Order

qqq Zerg 

Build Orders: Hatch First 

Get SALT Encoding   

  12  0:00  Drone  
  13  0:10  Drone  
  14  0:24  Overlord  
  14  0:47  Hatchery  
  13  0:52  Drone  
  13  0:54  Drone  
  15  0:57  Drone  
  16  1:07  Drone  
  17  1:21  Drone  
  18  1:26  Spawning Pool  
  18  1:29  Drone, Extractor  
  17  1:40  Drone  
  18  1:54  Drone  
  19  1:58  Drone  
  20  2:02  Drone  
  21  2:18  Queen  
  21  2:19  Queen  
  21  2:20  Drone  
  21  2:22  Zergling x2, Overlord  
  27  2:39  Drone  
  27  2:40  Zergling x2  
  27  2:42  Zergling x2  
  30  2:44  Extractor  
  30  2:46  Drone  
  30  2:54  Lair  
  30  2:56  Drone  
  31  3:03  Extractor  
  30  3:12  Zergling x4  
  32  3:14  Drone  
  32  3:16  Drone  
  34  3:24  Spore Crawler  
  33  3:27  Spore Crawler  
  33  3:28  Drone  
  33  3:29  Hatchery  
  33  3:31  Drone  
  33  3:34  Drone  
  33  3:36  Drone  
  35  3:42  Drone  
  36  3:54  Spire  
  36  3:55  Drone  
  36  3:59  Overlord  
  36  4:10  Overlord x2  
  36  4:17  Drone  
  36  4:18  Drone x2  
  39  4:26  Drone  
  39  4:27  Drone x2  
  42  4:34  Infestation Pit  
  41  4:38  Queen  
  41  4:41  Drone  
  41  4:43  Drone  
  41  4:44  Drone  
  46  4:51  Queen  
  48  4:53  Drone  
  48  4:55  Drone  
  50  5:00  Drone x2  
  50  5:01  Drone  
  53  5:07  Mutalisk  
  53  5:08  Mutalisk  
  56  5:21  Extractor  
  56  5:23  Extractor  
  56  5:25  Overlord x2  
  56  5:27  Spore Crawler  
  53  5:28  Zerg Flyer Weapons Level 1  
  53  5:29  Mutalisk  
  55  5:37  Mutalisk  
  55  5:39  Drone  
  58  5:43  Overlord  
  58  5:45  Drone  
  58  5:46  Drone x2  
  58  5:47  Drone x2  
  63  6:01  Mutalisk  
  63  6:02  Mutalisk  
  63  6:04  Drone x3  
  69  6:10  Drone  
  71  6:11  Drone  
  71  6:16  Mutalisk  
  72  6:31  Mutalisk  
  72  6:32  Mutalisk  
  72  6:38  Drone x2  
  74  6:42  Extractor, Overlord  
  74  6:43  Extractor, Overlord  
  74  6:46  Mutalisk  
  74  6:56  Overlord x2  
  74  7:00  Queen  
  76  7:10  Hive  
  76  7:11  Drone x3  
  76  7:12  Hatchery  
  75  7:16  Mutalisk  
  76  7:23  Zerg Flyer Armor Level 1  
  76  7:31  Mutalisk  
  76  7:34  Mutalisk  
  76  7:36  Drone x2, Queen  
  84  7:45  Drone  
  84  7:46  Mutalisk  
  87  7:56  Mutalisk  
  89  8:00  Spore Crawler  
  86  8:08  Mutalisk  
  86  8:10  Drone x2  
  63  8:20  Mutalisk x2  
  63  8:26  Spore Crawler  
  65  8:30  Spore Crawler  
  65  8:33  Viper  
  62  8:35  Drone  
  62  8:44  Mutalisk  
  62  8:58  Mutalisk  
  63  9:27  Mutalisk, Viper  
  68  9:36  Hatchery  
  65  9:39  Hatchery  
  65  9:44  Mutalisk x2  
  66  10:03  Drone x4  
  70  10:12  Mutalisk x3  
  76  10:25  Hatchery  
  75  10:35  Mutalisk x3  
  75  10:41  Mutalisk  
  83  10:58  Hatchery x2  
  76  11:05  Hatchery  
  76  11:09  Viper  
  78  11:20  Mutalisk x2  
  80  11:52  Drone  
  81  11:58  Drone  
  81  12:00  Queen  
  84  12:02  Mutalisk  
  84  12:03  Mutalisk, Viper  
  84  12:05  Mutalisk  
  93  12:13  Drone x2  
  95  12:16  Overlord x3  
  95  12:17  Overlord  
  95  12:18  Drone  
  96  12:36  Queen  
  98  12:37  Spore Crawler  
  85  13:09  Mutalisk x4  
  85  13:10  Mutalisk x2  
  85  13:12  Drone x2, Queen  
  94  13:13  Drone  
  95  13:36  Mutalisk x2  
  95  13:38  Viper  
  102  13:44  Spore Crawler  
  102  13:47  Spore Crawler  
  100  13:49  Spore Crawler  
  99  13:57  Viper  
  99  13:58  Mutalisk  
  63  14:42  Drone  
  63  14:43  Drone x5  
  63  14:44  Ultralisk Cavern  
  68  14:48  Extractor  
  64  14:58  Metabolic Boost  
  64  15:00  Mutalisk  
  64  15:01  Corruptor x4  
  64  15:02  Mutalisk  
  64  15:03  Hatchery  
  64  15:04  Drone  
  76  15:09  Hatchery  
  75  15:16  Drone x2  
  75  15:20  Zergling x4  
  79  15:33  Evolution Chamber x2  
  75  15:38  Mutalisk x2, Corruptor  
  75  15:39  Mutalisk  
  83  15:43  Mutalisk x2  
  83  15:45  Drone x2  
  89  15:53  Mutalisk  
  91  15:58  Drone x2  
  93  16:14  Hydralisk Den  
  89  16:32  Mutalisk  
  89  16:33  Mutalisk x2  
  89  16:34  Drone x2  
  89  16:35  Drone x6  
  103  16:40  Zergling x4  
  103  16:41  Zergling x12  
  101  16:55  Viper  
  96  17:11  Mutalisk x2  
  96  17:12  Mutalisk  
  96  17:13  Drone x3  
  96  17:14  Drone x7  
  96  17:15  Drone x2  
  105  17:30  Extractor  
  105  17:31  Extractor x2  
  105  17:32  Extractor  
Tags
 
Add a new tag
Caveats
  • Supply blocks, unpowered buildings, or Contaminate may cause inaccurate times.
  • Supply counts are checked every 10 seconds.